cohdb
Replays
Latest Replays
All Replays
Popular Replays
Top Player Replays
Match Explorer
How It Works
Community
CoH3 Stats
Reddit
Sign in to upload your games and track your stats! →
Sign in with Steam
Match 39693892
Unlisted
Match 39693892
Overview
Messages
Build Orders
End
Panzergrenadier Squad
Kradschützen Motorcycle Team
Panzergrenadier Squad
Construct Light Support Kompanie
MG34 Team
Fire Support Elements
Flakvierling Half-track
Selects Panzerjäger Kommand Battlegroup
Selects Mine Fields
Selects Defensive Positions
2.5-tonne Medical Truck
Veteran Squad Leaders
Assault Mechanized Group
Selects Butterfly Bomb Drop
Construct Panzerarmee Kommand
Selects GrB 39 Grenade Launcher Requisition
Walking Stuka Rocket Launcher
Butterfly Bomb Drop
Armored Reserves
Panzer IV Assault Group
Butterfly Bomb Drop
Selects Crew Shock Tactics
Flak 36 Anti-tank Gun Team
Butterfly Bomb Drop
2.5-tonne Medical Truck
A2O
Dsadow
kya100789
L1mbo
快乐闭麦自由人
Apox
Gravey
[BxB] Victor
0
0
Comments
sign in to comment!
No comments posted yet!